[ AOE2 MATCH · #507974210 ]
UnrankedJapanese vs Magyars
Player's team · WIN
Rival team · LOSS
[ REPLAY ANALYSIS · EXTRACTED FROM THE RECORDED GAME ]
Feudal
10:08
Castle
24:00
Imperial
40:59
| APM avg | 32.8 |
| APM peak | 59 |
| eAPM avg | 27.3 |
| Villagers / military | 222 / 400 |
Focus
⚔️ 49.4% · 🌾 50.6%
Spearman ×155 · Skirmisher ×91 · Militia ×66 · Archer ×54 · Trebuchet (Packed) ×16 · Knight ×6
Feudal
8:58
Castle
20:33
Imperial
41:19
| APM avg | 49.4 |
| APM peak | 100 |
| eAPM avg | 29.9 |
| Villagers / military | 256 / 322 |
Focus
⚔️ 38.4% · 🌾 61.6%
Skirmisher ×101 · Scout Cavalry ×80 · Magyar Huszar ×59 · Cavalry Archer ×55 · Trebuchet (Packed) ×9 · Mangonel ×5
Match map
Initial resources + every placement click. Lines = walls · curves = elevation contours. ◆ gold · ⬟ stone · ● berries · ✦ relic · ◌ wall gap
Your base· ✓ Closed at 24:00 · 9t walls · 3 gate(s)
_n0ne_'s base· ✓ Closed at 20:33 · 1t walls · 3 gate(s)
Smoothed initial terrain · ◌ = detected wall gap · hover for details
Inputs per minute
— moneymickey - - _n0ne_
Build order — moneymickey
First 150 of 951 actions detected
| 0:01 | Queue | Villager (Male) |
| 0:01 | Queue | Villager (Male) |
| 0:02 | Build | House |
| 0:04 | Build | House |
| 0:10 | Queue | Villager (Male) |
| 0:11 | Queue | Villager (Male) |
| 0:11 | Queue | Villager (Male) |
| 1:28 | Queue | Villager (Male) |
| 1:52 | Build | Lumber Camp |
| 1:53 | Queue | Villager (Male) |
| 2:30 | Queue | Villager (Male) |
| 2:46 | Queue | Villager (Male) |
| 3:09 | Queue | Villager (Male) |
| 3:47 | Queue | Villager (Male) |
| 3:53 | Build | House |
| 3:58 | Queue | Villager (Male) |
| 4:09 | Build | House |
| 4:23 | Queue | Villager (Male) |
| 4:51 | Build | Mill |
| 4:58 | Queue | Villager (Male) |
| 5:08 | Queue | Villager (Male) |
| 5:09 | Queue | Villager (Male) |
| 5:39 | Queue | Villager (Male) |
| 5:59 | Build | Barracks |
| 6:22 | Build | Mining Camp |
| 6:24 | Queue | Villager (Male) |
| 6:26 | Queue | Villager (Male) |
| 6:26 | Research | Loom |
| 6:55 | Build | House |
| 6:59 | Build | Palisade Wall |
| 7:39 | Build | Mining Camp |
| 7:46 | Research | Feudal Age |
| 8:11 | Queue | Militia |
| 8:15 | Build | Palisade Wall |
| 8:17 | Build | Palisade Wall |
| 8:26 | Queue | Militia |
| 8:29 | Queue | Militia |
| 9:16 | Queue | Militia |
| 9:19 | Queue | Villager (Male) |
| 9:24 | Build | House |
| 9:27 | Build | House |
| 9:31 | Queue | Villager (Male) |
| 9:43 | Queue | Villager (Male) |
| 10:08 | Age | Feudal Age |
| 10:08 | Build | House |
| 10:11 | Research | Man-at-Arms (upgrade) |
| 10:11 | Queue | Villager (Male) |
| 10:28 | Build | Archery Range |
| 10:43 | Queue | Villager (Male) |
| 11:01 | Queue | Villager (Male) |
| 11:08 | Queue | Villager (Male) |
| 11:26 | Build | House |
| 11:28 | Queue | Archer |
| 11:28 | Queue | Archer |
| 11:30 | Queue | Villager (Male) |
| 11:54 | Queue | Archer |
| 11:55 | Build | House |
| 12:02 | Build | Farm |
| 12:04 | Queue | Villager (Male) |
| 12:14 | Queue | Archer |
| 12:32 | Queue | Archer |
| 12:44 | Build | House |
| 12:47 | Queue | Archer |
| 12:55 | Queue | Villager (Male) |
| 13:02 | Queue | Archer |
| 13:05 | Queue | Villager (Male) |
| 13:08 | Build | Farm |
| 13:10 | Build | Farm |
| 13:11 | Build | Farm |
| 13:17 | Build | Outpost |
| 13:26 | Queue | Villager (Male) |
| 13:32 | Research | Town Watch |
| 13:34 | Queue | Villager (Male) |
| 13:34 | Queue | Villager (Male) |
| 13:44 | Queue | Villager (Male) |
| 13:49 | Build | Outpost |
| 13:52 | Queue | Archer |
| 13:57 | Queue | Villager (Male) |
| 14:13 | Build | Watch Tower |
| 14:21 | Queue | Archer |
| 14:23 | Queue | Villager (Male) |
| 14:30 | Build | Palisade Gate |
| 15:01 | Queue | Villager (Male) |
| 15:05 | Build | Blacksmith |
| 15:09 | Build | Farm |
| 15:10 | Queue | Villager (Male) |
| 15:10 | Queue | Villager (Male) |
| 15:24 | Build | Farm |
| 15:27 | Build | Palisade Wall |
| 15:34 | Queue | Villager (Male) |
| 15:42 | Build | Watch Tower |
| 15:46 | Queue | Villager (Male) |
| 15:49 | Build | Farm |
| 15:58 | Research | Fletching |
| 16:03 | Build | Stone Wall |
| 16:05 | Build | Stone Wall |
| 16:07 | Build | Stone Wall |
| 16:32 | Queue | Villager (Male) |
| 16:44 | Queue | Villager (Male) |
| 16:47 | Build | Farm |
| 16:49 | Build | Farm |
| 17:06 | Research | Padded Archer Armor |
| 17:21 | Build | House |
| 17:25 | Queue | Villager (Male) |
| 17:28 | Build | Farm |
| 17:29 | Build | Farm |
| 17:40 | Build | Watch Tower |
| 17:44 | Queue | Archer |
| 17:47 | Queue | Villager (Male) |
| 17:49 | Queue | Villager (Male) |
| 17:54 | Research | Double-Bit Axe |
| 17:57 | Build | Lumber Camp |
| 18:02 | Build | Stone Wall |
| 18:12 | Build | Stone Wall |
| 18:13 | Queue | Villager (Male) |
| 18:20 | Queue | Villager (Male) |
| 18:32 | Queue | Villager (Male) |
| 18:37 | Build | Farm |
| 18:38 | Build | Farm |
| 18:39 | Queue | Villager (Male) |
| 18:46 | Queue | Archer |
| 18:46 | Queue | Archer |
| 18:54 | Research | Horse Collar |
| 18:55 | Queue | Villager (Male) |
| 18:58 | Build | Farm |
| 19:12 | Build | Watch Tower |
| 19:20 | Queue | Villager (Male) |
| 19:31 | Queue | Villager (Male) |
| 19:35 | Build | Farm |
| 19:39 | Queue | Villager (Male) |
| 20:05 | Queue | Villager (Male) |
| 20:10 | Build | Market |
| 20:12 | Build | Farm |
| 20:44 | Build | Watch Tower |
| 20:46 | Queue | Villager (Male) |
| 21:20 | Research | Castle Age |
| 21:34 | Build | Mining Camp |
| 21:38 | Queue | Archer |
| 21:49 | Research | Gold Mining |
| 21:51 | Queue | Villager (Male) |
| 21:57 | Queue | Spearman |
| 22:02 | Queue | Archer |
| 22:16 | Build | Stable |
| 22:19 | Research | Stone Mining |
| 22:20 | Queue | Villager (Male) |
| 22:30 | Build | Lumber Camp |
| 23:00 | Build | House |
| 23:12 | Build | House |
| 23:17 | Build | House |
| 23:47 | Build | Farm |
Build order — _n0ne_
First 150 of 610 actions detected
| 0:01 | Queue | Villager (Male) |
| 0:02 | Build | House |
| 0:03 | Build | House |
| 0:06 | Queue | Villager (Male) |
| 0:06 | Queue | Villager (Male) |
| 0:26 | Queue | Villager (Male) |
| 1:23 | Queue | Villager (Male) |
| 1:44 | Build | Lumber Camp |
| 1:54 | Queue | Villager (Male) |
| 2:26 | Queue | Villager (Male) |
| 2:50 | Queue | Villager (Male) |
| 3:19 | Queue | Villager (Male) |
| 3:19 | Queue | Villager (Male) |
| 3:49 | Queue | Villager (Male) |
| 3:56 | Build | House |
| 4:12 | Queue | Villager (Male) |
| 4:20 | Build | House |
| 4:33 | Queue | Villager (Male) |
| 5:02 | Queue | Villager (Male) |
| 5:16 | Build | Barracks |
| 5:21 | Queue | Villager (Male) |
| 5:41 | Queue | Villager (Male) |
| 6:00 | Queue | Villager (Male) |
| 6:13 | Build | House |
| 6:15 | Queue | Villager (Male) |
| 6:20 | Research | Loom |
| 6:44 | Research | Feudal Age |
| 6:56 | Queue | Militia |
| 7:11 | Build | Mill |
| 7:16 | Queue | Militia |
| 7:23 | Queue | Militia |
| 8:56 | Queue | Villager (Male) |
| 8:58 | Age | Feudal Age |
| 9:01 | Research | Double-Bit Axe |
| 9:04 | Research | Man-at-Arms (upgrade) |
| 9:12 | Queue | Villager (Male) |
| 9:28 | Queue | Villager (Male) |
| 9:35 | Build | Farm |
| 9:37 | Build | Farm |
| 9:50 | Queue | Villager (Male) |
| 9:56 | Build | Farm |
| 10:07 | Queue | Villager (Male) |
| 10:15 | Queue | Militia |
| 10:31 | Queue | Villager (Male) |
| 10:39 | Build | House |
| 10:43 | Queue | Villager (Male) |
| 11:24 | Build | Archery Range |
| 11:25 | Queue | Villager (Male) |
| 11:49 | Build | Farm |
| 12:06 | Build | Palisade Wall |
| 12:10 | Queue | Villager (Male) |
| 12:24 | Build | Mining Camp |
| 12:25 | Queue | Villager (Male) |
| 12:36 | Build | Archery Range |
| 12:39 | Queue | Villager (Male) |
| 12:48 | Build | House |
| 12:57 | Build | Farm |
| 13:02 | Queue | Villager (Male) |
| 13:22 | Queue | Villager (Male) |
| 13:36 | Build | Lumber Camp |
| 13:51 | Queue | Skirmisher |
| 14:08 | Queue | Skirmisher |
| 14:21 | Queue | Villager (Male) |
| 14:30 | Build | Blacksmith |
| 14:31 | Build | House |
| 14:35 | Queue | Skirmisher |
| 14:35 | Queue | Villager (Male) |
| 14:47 | Build | Farm |
| 14:56 | Queue | Villager (Male) |
| 15:04 | Build | Farm |
| 15:11 | Build | House |
| 15:12 | Queue | Skirmisher |
| 15:17 | Build | House |
| 15:32 | Build | Farm |
| 15:37 | Queue | Skirmisher |
| 15:39 | Queue | Villager (Male) |
| 16:03 | Queue | Villager (Male) |
| 16:26 | Queue | Villager (Male) |
| 16:45 | Queue | Skirmisher |
| 16:46 | Queue | Skirmisher |
| 16:52 | Queue | Villager (Male) |
| 17:08 | Queue | Villager (Male) |
| 17:16 | Build | House |
| 17:17 | Build | House |
| 17:25 | Build | Farm |
| 17:26 | Build | Farm |
| 17:53 | Research | Castle Age |
| 17:54 | Research | Castle Age |
| 17:59 | Build | Mining Camp |
| 18:04 | Build | Farm |
| 18:17 | Build | Farm |
| 18:20 | Build | Farm |
| 18:26 | Research | Horse Collar |
| 18:27 | Research | Horse Collar |
| 18:30 | Build | House |
| 18:31 | Build | House |
| 18:42 | Build | Farm |
| 18:47 | Build | Farm |
| 18:58 | Build | Farm |
| 19:15 | Build | Watch Tower |
| 19:21 | Research | Fletching |
| 19:28 | Queue | Villager (Male) |
| 20:13 | Build | Market |
| 20:27 | Queue | Villager (Male) |
| 20:33 | Age | Castle Age |
| 20:41 | Build | Siege Workshop |
| 20:43 | Queue | Villager (Male) |
| 21:01 | Build | Archery Range |
| 21:25 | Build | University |
| 21:33 | Queue | Mangonel |
| 21:33 | Queue | Villager (Male) |
| 21:41 | Research | Bow Saw |
| 21:41 | Research | Bow Saw |
| 21:42 | Queue | Villager (Male) |
| 21:59 | Build | Farm |
| 22:16 | Queue | Villager (Male) |
| 22:19 | Queue | Mangonel |
| 22:32 | Queue | Villager (Male) |
| 22:45 | Queue | Villager (Male) |
| 22:53 | Build | Archery Range |
| 23:16 | Queue | Villager (Male) |
| 23:21 | Build | House |
| 23:27 | Queue | Villager (Male) |
| 23:42 | Queue | Villager (Male) |
| 23:55 | Queue | Villager (Male) |
| 24:07 | Build | Monastery |
| 24:07 | Queue | Villager (Male) |
| 24:28 | Build | Palisade Wall |
| 24:31 | Queue | Villager (Male) |
| 24:52 | Queue | Monk |
| 24:56 | Queue | Villager (Male) |
| 25:03 | Queue | Cavalry Archer ×4 |
| 25:22 | Queue | Villager (Male) |
| 25:37 | Queue | Battering Ram |
| 25:44 | Queue | Monk |
| 25:59 | Build | Palisade Gate |
| 26:01 | Build | Palisade Wall |
| 26:02 | Queue | Villager (Male) |
| 26:09 | Queue | Cavalry Archer |
| 26:10 | Queue | Cavalry Archer |
| 26:10 | Queue | Cavalry Archer |
| 26:12 | Research | Padded Archer Armor |
| 26:15 | Build | Farm |
| 26:20 | Build | Farm |
| 26:21 | Build | Farm |
| 26:29 | Build | Farm |
| 26:32 | Build | Farm |
| 26:53 | Queue | Villager (Male) |
| 27:37 | Queue | Villager (Male) |
| 27:59 | Queue | Villager (Male) |
Match timeline
| 5:16 | _n0ne_ · first_building Barracks |
| 5:59 | moneymickey · first_building Barracks |
| 6:59 | moneymickey · wall_segment Palisade Wall x1 |
| 8:15 | moneymickey · wall_segment Palisade Wall x1 |
| 8:17 | moneymickey · wall_segment Palisade Wall x1 |
| 8:58 | _n0ne_ · age_up feudal |
| 10:08 | moneymickey · age_up feudal |
| 10:28 | moneymickey · first_building Archery Range |
| 11:24 | _n0ne_ · first_building Archery Range |
| 12:06 | _n0ne_ · wall_segment Palisade Wall x1 |
| 15:27 | moneymickey · wall_segment Palisade Wall x1 |
| 16:03 | moneymickey · wall_segment Stone Wall x1 |
| 16:05 | moneymickey · wall_segment Stone Wall x1 |
| 16:07 | moneymickey · wall_segment Stone Wall x1 |
| 18:02 | moneymickey · wall_segment Stone Wall x1 |
| 18:12 | moneymickey · wall_segment Stone Wall x1 |
| 20:33 | _n0ne_ · age_up castle |
| 20:41 | _n0ne_ · first_building Siege Workshop |
| 21:00 | moneymickey · first_market_buy 100 food |
| 21:19 | moneymickey · first_market_sell 100 wood |
| 21:21 | _n0ne_ · first_market_buy 100 wood |
| 22:16 | moneymickey · first_building Stable |
| 24:00 | moneymickey · age_up castle |
| 24:07 | _n0ne_ · first_building Monastery |
| 24:28 | _n0ne_ · wall_segment Palisade Wall x1 |
| 25:44 | _n0ne_ · first_market_sell 100 wood |
| 26:01 | _n0ne_ · wall_segment Palisade Wall x1 |
| 26:20 | moneymickey · first_building Castle |
| 26:43 | moneymickey · first_building Monastery |
| 30:24 | moneymickey · first_building Siege Workshop |
| 38:08 | moneymickey · wall_segment Stone Wall x10 |
| 38:18 | moneymickey · wall_segment Stone Wall x9 |
| 39:54 | _n0ne_ · first_building Castle |
| 40:59 | moneymickey · age_up imperial |
| 41:19 | _n0ne_ · age_up imperial |
| 50:46 | _n0ne_ · first_building Stable |
| 53:50 | moneymickey · wall_segment Stone Wall x6 |
| 53:51 | moneymickey · wall_segment Stone Wall x1 |
| 53:52 | moneymickey · wall_segment Stone Wall x1 |
| 53:53 | moneymickey · wall_segment Stone Wall x1 |
| 53:58 | moneymickey · wall_segment Stone Wall x1 |
| 53:59 | moneymickey · wall_segment Stone Wall x1 |
| 54:00 | moneymickey · wall_segment Stone Wall x1 |
| 54:03 | moneymickey · wall_segment Stone Wall x3 |
| 67:14 | _n0ne_ · resign |
[ AI ANALYSIS · 1 CREDIT ]
What really happened in this match?
Wolo.gg analyzes every decision: build order, eco, micro, common mistakes by bracket. Personalized analysis on WhatsApp or Discord in 30 seconds.
Civ guide
Japanese
Perfil
Jugador #488095